 Dungeon Crawl Stone Soup version 0.18-a0-1649-g8d9735b (webtiles) character file.

199 namelastname112 the Slasher (level 5, -1/67 HPs)
             Began as a Draconian Gladiator on Mar 29, 2016.
             Succumbed to an orc wizard's poison
             ... on level 3 of the Dungeon.
             The game lasted 00:02:15 (2234 turns).

namelastname112 the Slasher (Draconian Gladiator)   Turns: 2234, Time: 00:02:15

Health: -1/67      AC:  5    Str: 22    XL:     5   Next: 48%
Magic:  14/14      EV: 13    Int:  8    God:
Gold:   146        SH:  2    Dex: 13    Spells: 0 memorised, 4 levels left

rFire  . . .     SeeInvis .     a - +0 long sword
rCold  . . .     Gourm    .     (armour unavailable)
rNeg   + . .     Faith    .     (no shield)
rPois  .         Spirit   .     b - +0 hat
rElec  .         Dismiss  .     (no cloak)
rCorr  .         Reflect  +     (no gloves)
SustAt .         Harm     .     (no boots)
MR     .....                    o - +2 amulet of reflection
Stlth  ..........               p - ring of positive energy
                                j - ring of magical power

@: berserking, lethally poisoned (-1 -> -32), flying, very quick, not resistant
to hostile enchantments, extremely unstealthy
A: unfitting armour, cold-blooded, AC +5
a: no special abilities


You were on level 3 of the Dungeon.
You were not hungry.

You visited 1 branch of the dungeon, and saw 3 of its levels.

You collected 146 gold pieces.

Inventory:

Hand Weapons
 a - a +0 long sword (weapon)
Missiles
 c - 3 throwing nets (quivered)
Armour
 b - a +0 hat (worn)
Jewellery
 j - a ring of magical power (left hand)
 o - a +2 amulet of reflection (around neck)
 p - a ring of positive energy (right hand)
Scrolls
 g - 2 scrolls of remove curse {unknown}
 i - 2 scrolls of teleportation {unknown}
 k - a scroll of identify {unknown}
 l - a scroll of amnesia {unknown}
 m - a scroll of blinking {unknown}
Potions
 t - a potion of curing {unknown}
Books
 s - a book of Ice

   Spells                             Type                      Level
   a - Ice Form                       Ice/Transmutation            4
   b - Metabolic Englaciation         Hexes/Ice                    5
   c - Ozocubu's Refrigeration        Ice                          6
   d - Bolt of Cold                   Conjuration/Ice              6
   e - Freezing Cloud                 Conjuration/Ice/Air          6
   f - Simulacrum                     Ice/Necromancy               6
Comestibles
 d - a bread ration
 f - a meat ration
 n - a beef jerky
 q - 3 chunks of flesh


   Skills:
 + Level 3.3 Fighting
 * Level 4.7 Long Blades
 + Level 2.6 Throwing
 + Level 3.4 Dodging


You had 4 spell levels left.
You didn't know any spells.

Dungeon Overview and Level Annotations

Branches:
Dungeon (3/15)

Altars:
Ashenzari
Kikubaaqudgha
Nemelex Xobeh
Trog


Innate Abilities, Weirdness & Mutations

Your plain brown scales are hard (AC +5).
Your body does not fit into most forms of armour.
You are cold-blooded and may be slowed by cold attacks.


Message History

You slash the orc wizard!
You kill the orc wizard!
* * * LOW HITPOINT WARNING * * *
You feel very sick.
You hit the orc priest.
The orc priest is moderately wounded.
* * * LOW HITPOINT WARNING * * *
You feel sick.
You slash the orc priest!
The orc priest is almost dead.
* * * LOW HITPOINT WARNING * * *
You feel very sick. The orc priest closely misses you.
You slash the orc priest!
You kill the orc priest!
* * * LOW HITPOINT WARNING * * *
You feel sick.
You barely miss the orc. You tail-slap the orc.
The orc is heavily wounded.
You die...

#####)........#
###.............#
รท.....#.........#
)##.###.#.#####.#
....# #.#.# #.##
..### #...# #..#
.## #..## ##.# ##
...# #)# .#.## #@#
#o# ###.###### .
#........# ..
#........#
#........#
#........#
#(..>....#
.........#


You could see an orc.

Vanquished Creatures
  An orc priest (D:3)
  2 orc wizards (D:3)
  3 adders
  An ooze (D:2)
  2 worms (D:2)
  2 dart slugs
  3 giant geckos
  11 orcs
  A giant cockroach (D:1)
  4 goblins
  5 hobgoblins
  3 jackals (D:2)
  7 kobolds
  A quokka (D:3)
  6 bats
  A giant newt (D:1)
  5 rats
58 creatures vanquished.

Notes
Turn   | Place    | Note
--------------------------------------------------------------
     0 | D:1      | namelastname112 the Draconian Gladiator began the quest for the Orb.
     0 | D:1      | Reached XP level 1. HP: 17/17 MP: 1/1
   123 | D:1      | Reached XP level 2. HP: 17/24 MP: 2/2
   494 | D:2      | Found a bloodstained altar of Trog.
   539 | D:2      | Reached XP level 3. HP: 7/30 MP: 3/3
  1239 | D:2      | Reached skill level 4 in Long Blades
  1285 | D:2      | Found a shattered altar of Ashenzari.
  1285 | D:2      | Found an ancient bone altar of Kikubaaqudgha.
  1288 | D:2      | Found a sparkling altar of Nemelex Xobeh.
  1725 | D:3      | Reached XP level 4. HP: 33/37 MP: 4/4
  2220 | D:3      | Reached XP level 5. HP: 34/45 MP: 5/5
  2232 | D:3      | HP: 3/67 [poisoned by an orc wizard]
  2233 | D:3      | HP: 1/67 [poisoned by an orc wizard]
  2234 | D:3      | Succumbed to an orc wizard's poison

Vault maps used:
D:1:      onia_arrival_pyramid, grunt_decor_one_mirror,
          minmay_misc_feat_ornament, hangedman_decor_lopped
D:2:      gammafunk_temple_overflow_claw, lemuel_doored_altar
D:3:      serial_park_tiny_1, minmay_close_crescents

Skill      XL: |  1  2  3  4 |
---------------+-------------+-----
Throwing       | 2 |  2.6
Long Blades    | 4 |  4.7
Dodging        | 3 |  3.4
Fighting       | 3 |  3.3

Action                   |  1- 3 |  4- 6 || total
-------------------------+-------+-------++-------
Melee: Long sword        |   117 |    59 ||   176
  Use: Potion            |       |     3 ||     3
  Eat: Chunk             |     2 |     2 ||     4
